 Dungeon Crawl Stone Soup version 0.29-a0-344-ge2f44be95a (webtiles) character file.

Game seed: 11467539299899662632

91 NinjaNoafa the Skirmisher (level 4, -8/36 HPs)
             Began as a Demonspawn Monk on Apr 21, 2022.
             Mangled by an ogre
             ... wielding a +0 giant club
              (15 damage)
             ... on level 4 of the Dungeon.
             The game lasted 00:06:50 (3299 turns).

NinjaNoafa the Skirmisher (Demonspawn Monk)         Turns: 3299, Time: 00:06:50

Health: -8/36      AC:  5    Str: 11    XL:     4   Next: 33%
Magic:  4/4        EV: 13    Int: 12    God:
Gold:   236        SH:  0    Dex: 17    Spells: 3/3 levels left

rFire   . . .      SeeInvis +   i - +0 short sword
rCold   . . .      Faith    .   (no shield)
rNeg    . . .      Spirit   .   b - +0 robe
rPois   .          Reflect  .   l - +0 helmet
rElec   .          Harm     .   (no cloak)
rCorr   .          Rampage  .   (no gloves)
Will    .....                   (no boots)
Stlth   ++........              (no amulet)
HPRegen 0.12/turn               j - ring of see invisible
MPRegen 0.09/turn               (no ring)

@: no status effects
A: icy blue scales 1
a: no special abilities


You were on level 4 of the Dungeon.
You visited 1 branch of the dungeon, and saw 4 of its levels.

You collected 236 gold pieces.

Inventory:

Hand Weapons
 a - a +0 falchion
 i - a +0 short sword (weapon)
 o - a +0 hunting sling
Missiles
 d - 98 stones (quivered)
Armour
 b - a +0 robe (worn)
 l - a +0 helmet (worn)
Jewellery
 j - a ring of see invisible (left hand)
Scrolls
 e - 7 scrolls of teleportation {unknown}
 f - 8 scrolls of identify {unknown}
 g - a scroll of immolation {unknown}
 k - a scroll of magic mapping {unknown}
 m - a scroll of enchant armour {unknown}
 n - a scroll of torment {unknown}
 p - a scroll of fog {unknown}
 q - 2 scrolls of vulnerability {unknown}
 r - 3 scrolls of silence {unknown}
 u - a scroll of holy word {unknown}
Potions
 c - a potion of ambrosia
 h - 3 potions of curing
 s - a potion of berserk rage {unknown}
 t - 3 potions of mutation {unknown}


   Skills:
 + Level 3.6 Fighting
 + Level 1.0(2.1) Short Blades
 - Level 3.0(3.1) Long Blades
 + Level 3.3 Dodging
 + Level 2.7 Stealth


You had 3 spell levels left.
You didn't know any spells.
Your spell library was empty.

Dungeon Overview and Level Annotations

Branches:
Dungeon (4/15)
 Temple: D:4-7

Altars:
Fedhas

Shops:
D:2 (

Annotations:
D:3 3 runed translucent doors, BeKind's ghost, amateur BaIE


Innate Abilities, Weirdness & Mutations

You are partially covered in icy blue scales. (AC +2)


Message History

The sling bullet closely misses the kobold.
The kobold hits you with a +0 dagger.
You shoot a sling bullet.
The sling bullet barely misses the kobold.
The kobold hits you with a +0 dagger. The kobold hits you but does no damage.
You shoot a sling bullet. The sling bullet hits the kobold.
You kill the kobold!
Your base Short Blades skill increases to level 1!
No target in view!
Okay, then.
HP restored.
Things that are here:
a +0 dagger; a kobold corpse You open the door.
There is an open door here.
An ogre comes into view. It is wielding a +0 giant club.
You shoot a sling bullet. The ogre shouts!
The sling bullet hits the ogre.
The ogre is lightly wounded.
You shoot a sling bullet.
The sling bullet barely misses the ogre.
You shoot a sling bullet. The sling bullet hits the ogre.
The ogre is moderately wounded.
You shoot a sling bullet.
The sling bullet hits the ogre but does no damage.
The ogre is moderately wounded.
You shoot a sling bullet. The sling bullet hits the ogre.
The ogre is heavily wounded.
i - a +0 short sword (weapon)
You hit the ogre.
The ogre is severely wounded.
The ogre hits you with a +0 giant club!!
Ouch! That really hurt!
* * * LOW HITPOINT WARNING * * *
Why would you want to do that?
An ogre is nearby!
There is an open door here.
The ogre attacks as you move away! The ogre hits you with a +0 giant club!
You die...

.# #≈........ .# #≈.♣≈≈≈≈
.# #≈.≈≈≈≈ . .########
#≈.≈≈# ≈. >........
#≈.≈≈##≈≈.
##################≈.≈≈≈≈≈≈.
.................#≈.♣≈≈≈≈♣.
################)#≈........
#@#.≈≈≈≈≈≈≈≈ #.O#########
####


You could see an ogre.

Vanquished Creatures
  2 adders
  4 dart slugs
  4 orcs (D:3)
  2 endoplasms
  A giant cockroach (D:4)
  7 goblins
  3 hobgoblins
  7 quokkas
  5 ball pythons
  7 bats
  3 frilled lizards
  9 kobolds
  5 rats
59 creatures vanquished.

Vanquished Creatures (others)
  4 toadstools (D:1)
4 creatures vanquished.

Grand Total: 63 creatures vanquished

Notes
Turn   | Place    | Note
-------+----------+-------------------------------------------
     0 | D:1      | NinjaNoafa the Demonspawn Monk began the quest for the Orb.
     0 | D:1      | Reached XP level 1. HP: 18/18 MP: 1/1
   274 | D:1      | Gained mutation: You are partially covered in icy blue
                  | scales. (AC +2) [demonic ancestry]
   274 | D:1      | Reached XP level 2. HP: 20/24 MP: 2/2
   877 | D:1      | Reached XP level 3. HP: 29/29 MP: 3/3
  1213 | D:1      | Found a faded altar of an unknown god.
  1651 | D:2      | Found Xeugowni's Weapon Shop.
  2336 | D:3      | Found a blossoming altar of Fedhas.
  2467 | D:3      | Found a runed translucent gate.
  2467 | D:3      | Found a runed translucent gate.
  2483 | D:3      | Found a runed translucent gate.
  2486 | D:3      | Noticed BeKind's ghost (amateur BaIE)
  2486 | D:3      | Noticed a kobold brigand
  2501 | D:3      | Reached XP level 4. HP: 34/36 MP: 4/4
  3238 | D:4      | Reached skill level 1 in Short Blades
  3286 | D:4      | Noticed an ogre
  3299 | D:4      | Mangled by an ogre

Illustrated notes

Levels and vault maps discovered:
D:1:      ldierk_walled_garden_2, layout_basic, basic_ecumenical_altar,
          fountainhead
D:2:      layout_basic, serial_shops, nicolae_shop_bloodbath_and_beyond,
          chequers_serial_rivers_small_b
D:3:      layout_basic, fedhas_altar_3, gammafunk_ghost_nasty_kobolds
D:4:      layout_basic, grunt_qazlal_sundering, kennysheep_pointless_box

Skill      XL: |  1  2  3  4 |
---------------+-------------+-----
Stealth        | 2 |  2.7
Dodging        | 3 |  3.3
Long Blades    | 3 |  3.0
Short Blades   | 1 |  1.0
Fighting       | |  3.6

Action                   |  1- 3 |  4- 6 || total
-------------------------+-------+-------++-------
Melee: Falchion          |    73 |       ||    73
       Punch             |     2 |       ||     2
       Short sword       |    20 |     1 ||    21
 Fire: Hunting sling     |    18 |    33 ||    51
  Use: Potion            |     1 |       ||     1
 Stab: Sleeping          |     4 |       ||     4
Armor: Robe              |    38 |     6 ||    44
Dodge: Dodged            |   127 |     7 ||   134

Table legend: (Time is in decaauts)
 A = Elapsed time spent in this place.
 B = Non-inter-level travel time spent in this place.
 C = Inter-level travel time spent in this place.
 D = Time resting spent in this place.
 E = Time spent auto-exploring this place.
 F = Levels seen in this place.
 G = Mean time per level.
                   A        B        C        D        E       F      G
               +--------+--------+--------+--------+--------+-----+--------+
         Total |   3333 |   3243 |     90 |      0 |   2731 |   4 |  833.2 |
       Dungeon |   3333 |   3243 |     90 |      0 |   2731 |   4 |  833.2 |
               +--------+--------+--------+--------+--------+-----+--------+

Top non-repeatable levels by time:
     D:1: 1500 daAuts
     D:2: 810 daAuts
     D:4: 539 daAuts
     D:3: 483 daAuts
